 Dungeon Crawl Stone Soup version 0.24-a0-365-ga4d96b6e6e (webtiles) character file.

Game seed: 12964525961454068196

295 MrOobling the Skirmisher (level 6, -6/48 HPs)
             Began as a Demonspawn Fighter on May 27, 2019.
             Mangled by an ogre
             ... wielding a +0 giant spiked club
              (9 damage)
             ... on level 4 of the Dungeon.
             The game lasted 00:20:36 (4419 turns).

MrOobling the Skirmisher (Demonspawn Fighter)       Turns: 4419, Time: 00:20:37

Health: -6/48      AC:  0    Str: 17    XL:     6   Next: 11%
Magic:  6/6        EV:  9    Int:  9    God:
Gold:   90         SH: 13    Dex: 14    Spells: 5/5 levels left

rFire    . . .     SeeInvis .   x - +0 dagger
rCold    . . .     Gourm    .   c - +0 shield
rNeg     . . .     Faith    .   (no armour)
rPois    .         Spirit   .   (helmet restricted)
rElec    .         Reflect  .   (no cloak)
rCorr    .         Harm     .   (no gloves)
MR       .....                  (no boots)
Stlth    +++.......             (no amulet)
HPRegen  0.16/turn              (no ring)
MPRegen  0.10/turn              (no ring)

@: no status effects
A: horns 1, large bone plates 1, nightstalker 1
a: no special abilities


You were on level 4 of the Dungeon.
You were not hungry.

You visited 2 branches of the dungeon, and saw 5 of its levels.

You collected 90 gold pieces.

Inventory:

Hand Weapons
 a - a +0 trident
 k - a +2 whip of freezing
 x - a +0 dagger (weapon)
 A - a +0 falchion of holy wrath
Armour
 b - a +0 scale mail
 c - a +0 shield (worn)
 m - a +0 helmet
Jewellery
 l - a +6 ring of protection {unknown}
 n - an uncursed amulet of regeneration {unknown}
 s - a +6 ring of intelligence {unknown}
Wands
 v - a wand of acid (9)
Scrolls
 h - 2 scrolls of enchant armour {unknown}
 i - a scroll of enchant weapon {unknown}
 o - a scroll of amnesia {unknown}
 r - a scroll of remove curse {unknown}
 t - 4 scrolls of teleportation {unknown}
 u - 2 scrolls of fog {unknown}
 w - 2 scrolls of identify {unknown}
 y - a scroll of noise {unknown}
Potions
 d - a potion of might
 e - a potion of cancellation {unknown}
 g - a potion of degeneration {unknown}
 j - a potion of haste {unknown}
 p - a potion of brilliance {unknown}
 q - a potion of magic {unknown}
 z - 2 potions of agility {unknown}
 B - 2 potions of flight {unknown}
Comestibles
 f - 10 rations


   Skills:
 + Level 4.2 Fighting
 * Level 2.0 Short Blades
 - Level 2.4 Polearms
 - Level 3.2 Armour
 + Level 0.4 Dodging
 * Level 2.9 Stealth
 - Level 3.2 Shields


You had 5 spell levels left.
You didn't know any spells.
Your spell library was empty.

Dungeon Overview and Level Annotations

Branches:
Dungeon (4/15)             Temple (1/1) D:4

Altars:
Cheibriados
Fedhas
Gozag
Hepliaklqana
Kikubaaqudgha
Makhleb
Nemelex Xobeh
Okawaru
Qazlal
Ru
Sif Muna
Trog
Uskayaw
Wu Jian
Xom
Yredelemnul
Zin
The Shining One


Innate Abilities, Weirdness & Mutations

You have a pair of small horns on your head.
You are partially covered in large bone plates. (SH +4)
You are slightly more attuned to the shadows.


Message History

There is a staircase to the Ecumenical Temple here.
You hit the ogre but do no damage. The ogre barely misses you.
You hit the ogre. Your headbutt misses the ogre.
The ogre is lightly wounded.
The ogre hits you with a +0 giant spiked club!
You hit the ogre.
The ogre is lightly wounded.
You hit the ogre.
The ogre is lightly wounded.
The ogre hits you with a +0 giant spiked club!!
* * * LOW HITPOINT WARNING * * *
You are too injured to fight recklessly!
The ogre hits you with a +0 giant spiked club!
* * * LOW HITPOINT WARNING * * *
You climb downwards.
Welcome back to the Ecumenical Temple!
There is a staircase back to the Dungeon here.
You climb upwards.
Welcome back to the Dungeon!
There is a staircase to the Ecumenical Temple, spattered with blood here.
The ogre hits you with a +0 giant spiked club!
You die...

#.........
########.........
#................
#####................
#...........##'######
#...........#..#
#....########..#
##..O.......#...#
#....@......#...#
#...........#####
#..⌠.⌠.⌠....
##.8.8.8....
#.......... ###
###....#... ...
#....+... #.....
#....# .. +.....
####....# ###+##.....


You could see an ogre.

Vanquished Creatures
  A centaur (D:3)
  A hound (D:4)
  A worker ant (D:4)
  6 adders
  A howler monkey skeleton (D:4)
  3 dart slugs
  2 leopard geckos
  3 orcs
  7 giant cockroaches
  10 goblins
  7 hobgoblins
  11 jackals
  8 kobolds
  3 quokkas
  2 ball pythons (D:3)
  11 bats
  3 frilled lizards
  A leopard gecko skeleton (D:3)
  6 rats
  A spectral orc (D:4)
88 creatures vanquished.

Notes
Turn   | Place    | Note
-------+----------+-------------------------------------------
     0 | D:1      | MrOobling the Demonspawn Fighter began the quest for the
                  | Orb.
     0 | D:1      | Reached XP level 1. HP: 18/18 MP: 1/1
   201 | D:1      | Gained mutation: You are partially covered in large bone
                  | plates. (SH +4) [demonic ancestry]
   201 | D:1      | Reached XP level 2. HP: 17/24 MP: 2/2
   753 | D:1      | Reached XP level 3. HP: 29/29 MP: 3/3
   978 | D:2      | Found a hide-covered altar of Uskayaw.
  1718 | D:2      | Gained mutation: You are slightly more attuned to the
                  | shadows. [demonic ancestry]
  1718 | D:2      | Reached XP level 4. HP: 30/36 MP: 4/4
  2453 | D:3      | Reached skill level 1 in Stealth
  2963 | D:4      | Reached skill level 1 in Short Blades
  2963 | D:4      | Reached XP level 5. HP: 41/42 MP: 5/5
  2992 | D:3      | Noticed a centaur
  3002 | D:3      | Killed a centaur
  3002 | D:3      | Reached skill level 4 in Fighting
  3576 | D:4      | Gained mutation: You have a pair of small horns on your
                  | head. [demonic ancestry]
  3576 | D:4      | Reached XP level 6. HP: 39/48 MP: 6/6
  3700 | D:4      | Found a basalt altar of Yredelemnul.
  3849 | D:4      | Found a staircase to the Ecumenical Temple.
  3860 | Temple   | Entered the Ecumenical Temple
  4415 | D:4      | HP: 2/48 [ogre/+0 giant spiked club (10)]
  4419 | D:4      | Mangled by an ogre

Levels and vault maps discovered:
D:1:      wheals_arrival_linesprint, layout_basic
D:2:      layout_basic, eat_drink_and_be_merry_uskayaw, first_ration
D:3:      layout_basic, minmay_ruptured
D:4:      layout_gridville, yredelemnul_forgotten_temple_becter,
          minmay_temple_entry_drinking_statues
Temple:   nicolae_temple_x_marks_the_god

Skill      XL: |  1  2  3  4  5  6 |
---------------+-------------------+-----
Polearms       | 2 |  2.4
Shields        | 3 |  3.2
Armour         | 3 |  3.2
Stealth        | 1 2 |  2.9
Short Blades   | 1 2 |  2.0
Fighting       | 4 |  4.2
Dodging        | |  0.4

Action                   |  1- 3 |  4- 6 || total
-------------------------+-------+-------++-------
Melee: Trident           |   200 |    96 ||   296
       Dagger            |       |   143 ||   143
       Headbutt          |       |     6 ||     6
 Stab: Sleeping          |       |     3 ||     3
  Eat: Chunk             |     3 |     6 ||     9
       Ration            |       |     1 ||     1
Armor: Scale mail        |    67 |    56 ||   123
Dodge: Dodged            |    45 |    65 ||   110
Block: Shield            |   135 |   184 ||   319

Table legend:
 A = Non-vault XP
 B = Vault XP
 C = Vault XP percentage of total XP
 D = Non-vault monster count
 E = Vault monster count
 F = Vault count percentage of total count
                 A         B        C        D         E       F
            +---------+---------+-------+---------+---------+-------
      Total |     415 |       7 |   1.7 |      84 |       4 |   4.5
            +---------+---------+-------+---------+---------+-------
        D:1 |      42 |       0 |   0.0 |      21 |       0 |   0.0
        D:2 |      60 |       0 |   0.0 |      29 |       0 |   0.0
        D:3 |     188 |       6 |   3.1 |      25 |       3 |  10.7
        D:4 |     125 |       1 |   0.8 |       9 |       1 |  10.0
            +---------+---------+-------+---------+---------+-------
